 Dungeon Crawl Stone Soup version 0.26-a0-504-g0cf647090d (webtiles) character file.

Game seed: 10397333203498043006

19602 KristoblXynda the Covert (level 12, -12/81 HPs)
             Began as a Vampire Gladiator on Aug 8, 2020.
             Was a Priest of Ashenzari.
             Killed from afar by Fannar (24 damage)
             ... with a bolt of cold
             ... on level 12 of the Dungeon.
             The game lasted 00:28:29 (14051 turns).

KristoblXynda the Covert (Vampire Gladiator)       Turns: 14051, Time: 00:28:29

Health: -12/81     AC: 18    Str: 20    XL:     12   Next: 38%
Magic:  12/12      EV: 24    Int: 19    God:    Ashenzari [***...]
Gold:   446        SH:  0    Dex: 29    Spells: 8/11 levels left

rFire    . . .     SeeInvis +   p - +6 dagger (freeze)
rCold    . . .     Faith    .   (no shield)
rNeg     . . .     Spirit   .   E - +0 swamp dragon scales (curse)
rPois    +         Reflect  .   q - +2 helmet (curse)
rElec    .         Harm     .   (no cloak)
rCorr    +                      J - +2 pair of gloves {Dex+3} (curse)
MR       .....                  K - +0 pair of boots {run} (curse)
Stlth    +++++.....             (no amulet)
HPRegen  0.43/turn              k - +6 ring of dexterity (curse)
MPRegen  0.13/turn              C - ring "Liwiewan" {MR- rCorr Str+5 Int+6} (curse)

@: regenerating quickly, studying Fighting, lightly drained, quick
A: fangs 3, see invisible, agile 2, unbreathing
a: Exsanguinate, Curse Item, Scrying, Renounce Religion


You were on level 12 of the Dungeon.
You worshipped Ashenzari.
Ashenzari was most pleased with you.
You visited 2 branches of the dungeon, and saw 13 of its levels.
You also visited: Bailey.

You collected 759 gold pieces.
You spent 313 gold pieces at shops.

Inventory:

Hand Weapons
 p - a +6 dagger of freezing (weapon)
 r - a cursed +3 long sword of electrocution
Missiles
 d - 4 throwing nets (quivered)
Armour
 q - a cursed +2 helmet (worn)
 E - cursed +0 swamp dragon scales (worn)
 J - a cursed +2 pair of gloves of dexterity (worn)
 K - a cursed +0 pair of boots of running (worn)
Jewellery
 c - an uncursed amulet of magic regeneration
 g - an uncursed ring of fire
 j - a +6 ring of dexterity
 k - a cursed +6 ring of dexterity (left hand)
 o - an uncursed ring of protection from cold
 s - an uncursed ring of wizardry
 C - the cursed ring "Liwiewan" (right hand) {MR- rCorr Str+5 Int+6}
   (You acquired it in a bailey)

   [ring of resist corrosion]

   It affects your strength (+5).
   It affects your intelligence (+6).
   It affects your resistance to hostile enchantments.
   It provides partial protection from all sources of acid and corrosion.
   It has a curse placed upon it.
 D - the ring "Rurushus" {Ice rElec Str-4 Int+3 Dex+3}
   (You found it on level 10 of the Dungeon)

   [ring of ice]

   It enhances your ice magic.
   It affects your strength (-4).
   It affects your intelligence (+3).
   It affects your dexterity (+3).
   It makes you vulnerable to fire.
   It protects you from cold.
   It insulates you from electricity.
Wands
 l - a wand of iceblast (12)
 v - a wand of acid (12)
 H - a wand of paralysis (5)
Scrolls
 b - 2 scrolls of immolation
 f - 6 scrolls of remove curse
 n - 3 scrolls of enchant weapon
 t - 4 scrolls of silence
 u - a scroll of fear
 w - 3 scrolls of amnesia
 x - 3 scrolls of blinking
 y - a scroll of teleportation
 G - a scroll of magic mapping
Potions
 a - a potion of berserk rage
 e - 4 potions of stabbing
 h - 9 potions of curing
 i - 7 potions of mutation
 m - 6 potions of might
 z - 3 potions of cancellation
 A - a potion of brilliance {unknown}
 B - 2 potions of heal wounds
 F - 3 potions of magic
 I - 4 potions of ambrosia {unknown}
Books
 L - a manual of Fighting


   Skills:
 + Level 3.4(3.3) Fighting
 + Level 10.8(10.6) Long Blades
 - Level 3.0(2.9) Throwing
 - Level 7.7(9.5) Armour
 - Level 10.3(11.9) Dodging
 + Level 11.2(11.1) Stealth
 + Level 6.2(8.0) Necromancy
 - Level 6.4(8.2) Evocations


You had 8 spell levels left.
You knew the following spells:

 Your Spells              Type           Power        Failure   Level
a - Vampiric Draining     Necr           ####......   3%          3

Your spell library contained the following spells:

 Spells                   Type           Power        Failure   Level
 Animate Skeleton         Necr           ####..       1%          1
 Pain                     Necr           ####         1%          1
 Animate Dead             Necr           ####......   12%         4
 Corona                   Hex            #......      30%         1
 Magic Dart               Conj           #...         30%         1
 Summon Small Mammal      Summ           #...         30%         1
 Agony                    Necr           ####....     32%         5
 Blink                    Tloc           N/A          41%         2
 Call Imp                 Summ           #.......     41%         2
 Searing Ray              Conj           #.....       41%         2
 Slow                     Hex            #.......     41%         2
 Call Canine Familiar     Summ           #.......     65%         3
 Confusing Touch          Hex            #.......     65%         3
 Conjure Flame            Conj/Fire      #.......     65%         3
 Dazzling Flash           Conj/Hex       #.....       65%         3
 Gell's Gravitas          Tloc           #.........   65%         3
 Mephitic Cloud           Conj/Pois/Air  #.......     65%         3
 Summon Guardian Golem    Hex/Summ       #.......     65%         3
 Fulminant Prism          Conj/Hex       #.........   96%         4
 Ice Form                 Ice/Tmut       #.......     96%         4
 Iskenderun's Mystic Bla  Conj/Tloc      #.......     96%         4
 Petrify                  Tmut/Erth      #.......     96%         4
 Summon Ice Beast         Ice/Summ       #.......     96%         4
 Summon Lightning Spire   Summ/Air       #.......     96%         4
 Fireball                 Conj/Fire      #.........   100%        5
 Metabolic Englaciation   Hex/Ice        #.........   100%        5
 Yara's Violent Unravell  Hex/Tmut       #.........   100%        5
 Freezing Cloud           Conj/Ice/Air   #.........   100%        6
 Ozocubu's Refrigeration  Ice            #.........   100%        6
 Simulacrum               Ice/Necr       ###.......   100%        6


Dungeon Overview and Level Annotations

Branches:
Dungeon (12/15)            Temple (1/1) D:7            Lair (0/6) D:9
    Orc (0/2) D:12         Bailey (visited)

Altars:
Ashenzari
Cheibriados
Dithmenos
Elyvilon
Fedhas
Gozag
Hepliaklqana
Kikubaaqudgha
Makhleb
Nemelex Xobeh
Okawaru
Qazlal
Ru
Sif Muna
Trog
Uskayaw
Vehumet
Wu Jian
Xom
Yredelemnul
Zin
The Shining One

Shops:
D:5 (   D:11 *

Annotations:
D:11 exclusion: 4 oklob plants
D:12 Fannar


Innate Abilities, Weirdness & Mutations

Your natural rate of healing is unusually fast.
You have razor-sharp teeth.
You have supernaturally acute eyesight. (SInv)
You can survive without breathing.
You are very agile. (Dex +4)


Message History

Aim: Fannar, wielding a +0 quarterstaff of freezing, wearing a +1 robe of cold resistance and wearing an uncursed ring of ice (almost dead, covered in an icy film)
The bolt of acid misses Fannar.
The bolt of acid hits the ice beast!!
The ice beast is splashed with acid.
The ice beast is almost dead.
Fannar hits you but does no damage.
Evoke which item? (* to show all) (? for menu, Esc to quit)
Aiming: Corrosive Bolt
Press: ? - help, Shift-Dir - straight line, f/p - Fannar
Aim: Fannar, wielding a +0 quarterstaff of freezing, wearing a +1 robe of cold resistance and wearing an uncursed ring of ice (almost dead, covered in an icy film)
The bolt of acid misses Fannar.
The bolt of acid hits the ice beast!
The ice beast is splashed with acid.
The acid corrodes the ice beast!
You kill the ice beast!
Fannar barely misses you.
You hit Fannar but do no damage. Your bite misses Fannar.
Fannar is almost dead.
You barely miss Fannar. You bite Fannar.
Fannar is almost dead.
Fannar gestures at you while chanting. The bolt of cold hits you!!
You die...

##### * #...## , ,, #...).
#.))## * #.####### ##.##
#....@e.# #.# #######.##
###.### #.○.### #...... ,
#..○..## #.#.##. #..°#..#
#.#..#. ..# ##.....# #.##.#.
,...# ####Y.#..## #.##.#. *
, ..>.# ##.#..###..# #.#..#.
,
.....####....##.##.###......


You could see Fannar (icy armour).

Vanquished Creatures
  Harold (D:8)
  A centaur warrior (D:12)
  4 two-headed ogres
  An unseen horror (D:12)
  A wizard (D:11)
  A deep elf mage (D:11)
  An ugly thing (D:11)
  A cyclops (D:11)
  Joseph (D:9)
  Maggie (D:6)
  2 trolls
  A queen bee (D:11)
  A hornet (D:10)
  4 hippogriffs
  2 shadows
  2 water elementals (D:12)
  A yak (D:11)
  4 wraiths
  A basilisk (D:12)
  A fire elemental (D:12)
  A vampire mosquito (D:11)
  3 wargs (D:9)
  2 water moccasins
  A soldier ant (D:11)
  Purgy (D:3)
  7 orc warriors
  A sky beast (D:7)
  2 ice beasts
  2 necrophages
  2 phantoms
  An eye of draining (D:11)
  3 ogres
  8 centaurs
  A big kobold (D:12)
  12 bullfrogs
  A gnoll sergeant (D:9)
  6 scorpions
  33 killer bees (D:11)
  16 wights
  7 howler monkeys
  3 centaur zombies
  3 bullfrog zombies
  2 quasits
  2 centaur skeletons
  6 bullfrog skeletons
  8 hounds
  3 jellies
  10 orc priests
  Terence (D:3)
  2 iguanas
  7 orc wizards
  Natasha (thrice) (D:2)
  8 worker ants
  A hound zombie (D:7)
  2 hound skeletons
  Robin (D:2)
  18 adders
  16 gnolls
  A river rat (D:10)
  5 shadow imps
  5 white imps
  3 ufetubi
  2 oozes
  An adder zombie (D:6)
  4 worms
  2 dart slugs
  10 leopard geckos
  36 orcs
  A ball python (D:3)
  4 giant cockroaches
  6 goblins
  20 hobgoblins
  20 jackals
  3 quokkas
  A ball python skeleton (D:4)
  5 bats
  6 frilled lizards
  2 jackal skeletons
  18 kobolds
  A leopard gecko skeleton (D:6)
  A quokka zombie (D:5)
  10 rats
405 creatures vanquished.

Vanquished Creatures (others)
  An orc (D:12)
  A quokka (D:6)
2 creatures vanquished.

Grand Total: 407 creatures vanquished

Notes
Turn   | Place    | Note
-------+----------+-------------------------------------------
     0 | D:1      | KristoblXynda the Vampire Gladiator began the quest for the
                  | Orb.
     0 | D:1      | Reached XP level 1. HP: 16/16 MP: 1/1
   142 | D:1      | Reached XP level 2. HP: 20/22 MP: 2/2
   831 | D:2      | Found a hide-covered altar of Uskayaw.
   921 | D:2      | Noticed Natasha
   928 | D:2      | Killed Natasha
   928 | D:2      | Reached XP level 3. HP: 9/27 MP: 3/3
  1305 | D:2      | Noticed Robin
  1330 | D:2      | Killed Robin
  1330 | D:2      | Reached XP level 4. HP: 5/34 MP: 4/4
  1637 | D:2      | Noticed Natasha
  1648 | D:2      | Killed Natasha
  1917 | D:2      | Noticed Natasha
  1922 | D:2      | Killed Natasha
  1922 | D:2      | Reached XP level 5. HP: 36/40 MP: 5/5
  2101 | D:3      | Noticed Purgy
  2117 | D:3      | Killed Purgy
  2155 | D:3      | Found a shimmering blue altar of Sif Muna.
  2191 | D:3      | Noticed Terence
  2203 | D:3      | Killed Terence
  2203 | D:3      | Reached XP level 6. HP: 47/47 MP: 6/6
  3023 | D:4      | Reached skill level 1 in Stealth
  3026 | D:4      | Got a faintly humming chain mail
  3027 | D:4      | Identified the +1 chain mail of Matuzak {rElec rCorr} (You
                  | found it on level 4 of the Dungeon)
  3164 | D:4      | Reached skill level 5 in Dodging
  3178 | D:4      | Reached skill level 1 in Armour
  3178 | D:4      | Reached skill level 2 in Stealth
  3324 | D:4      | Reached XP level 7. HP: 46/52 MP: 7/7
  3442 | D:4      | Reached skill level 3 in Stealth
  4047 | D:5      | Entered Level 5 of the Dungeon
  4119 | D:5      | Reached skill level 5 in Long Blades
  4120 | D:5      | Found a shimmering altar of Xom.
  4134 | D:5      | Reached skill level 4 in Stealth
  4151 | D:5      | Found a shattered altar of Ashenzari.
  4168 | D:5      | Found a stormy altar of Qazlal.
  4176 | D:5      | Became a worshipper of Ashenzari the Shackled
  4213 | D:5      | Found Odwuleiph's Antique Weapon Shoppe.
  4608 | D:5      | Reached skill level 5 in Stealth
  4608 | D:5      | Reached XP level 8. HP: 58/58 MP: 8/8
  5231 | D:6      | Found a white marble altar of Elyvilon.
  5256 | D:6      | Reached skill level 6 in Stealth
  5463 | D:6      | Noticed Maggie
  5482 | D:6      | Killed Maggie
  5976 | D:7      | Noticed a hippogriff
  5986 | D:7      | Killed a hippogriff
  5986 | D:7      | Reached skill level 7 in Stealth
  6171 | D:7      | Reached XP level 9. HP: 57/64 MP: 9/9
  6248 | D:7      | Found a staircase to the Ecumenical Temple.
  6275 | D:7      | Reached skill level 8 in Stealth
  6627 | D:7      | Found an iron altar of Okawaru.
  6634 | D:7      | Found a shadowy altar of Dithmenos.
  6635 | D:7      | Found a radiant altar of Vehumet.
  6639 | D:7      | Found an ancient bone altar of Kikubaaqudgha.
  6934 | D:7      | Noticed a skeletal warrior
  6935 | D:7      | Noticed a skeletal warrior
  6950 | Temple   | Entered the Ecumenical Temple
  7183 | D:7      | Identified the +1 robe of Wedekk {rCorr MP+9 SInv}
  7269 | D:8      | Noticed Harold
  7301 | D:8      | Killed Harold
  7301 | D:8      | Reached skill level 5 in Armour
  7301 | D:8      | Reached skill level 9 in Stealth
  7478 | D:8      | Reached * piety under Ashenzari
  7608 | D:8      | Identified the Compendium of Beguiling and the Volcanoes
  7979 | D:8      | Found a glowing silver altar of Zin.
  7979 | D:8      | Noticed an angel
  8120 | D:7      | Noticed a skeletal warrior
  8120 | D:7      | Noticed a skeletal warrior
  8120 | D:7      | Noticed a skeletal warrior
  8385 | D:9      | Learned a level 3 spell: Vampiric Draining
  8388 | D:9      | Noticed Joseph
  8421 | D:9      | Reached skill level 10 in Stealth
  8421 | D:9      | Reached XP level 10. HP: 70/70 MP: 10/10
  8547 | D:9      | Killed Joseph
  8633 | D:9      | Reached skill level 1 in Evocations
  8787 | D:9      | Found a staircase to the Lair.
  9676 | D:10     | Entered Level 10 of the Dungeon
  9759 | D:10     | Noticed a two-headed ogre
  9762 | D:10     | Reached ** piety under Ashenzari
  9777 | D:10     | Found a flagged portal.
  9785 | Bailey   | Entered a bailey
 10091 | Bailey   | HP: 3/70 [orc warrior/+0 hand axe (24)]
 10301 | Bailey   | Identified a scroll of acquirement
 10301 | Bailey   | Acquired the cursed ring "Liwiewan" {MR- rCorr Str+5 Int+6}
 10477 | D:10     | Identified the ring "Rurushus" {Ice rElec Str-4 Int+3
                  | Dex+3}
 10497 | D:10     | Noticed a two-headed ogre
 10511 | D:10     | HP: 2/70 [yak (11)]
 10751 | D:10     | Killed a two-headed ogre
 10786 | D:10     | Killed a two-headed ogre
 10786 | D:10     | Reached skill level 10 in Dodging
 10786 | D:10     | Reached XP level 11. HP: 75/75 MP: 11/11
 10792 | D:10     | Gained mutation: You are agile. (Dex +2) [potion of
                  | mutation]
 10792 | D:10     | Gained mutation: You are very agile. (Dex +4) [potion of
                  | mutation]
 10866 | D:10     | Reached skill level 1 in Necromancy
 11058 | D:10     | Noticed a two-headed ogre
 11076 | D:10     | Killed a two-headed ogre
 11495 | D:11     | Noticed a wizard
 11511 | D:11     | Killed a wizard
 11576 | D:11     | Reached skill level 5 in Evocations
 11614 | D:11     | Noticed an oklob plant
 11619 | D:11     | Noticed an oklob plant
 11642 | D:11     | Noticed an oklob plant
 11642 | D:11     | Noticed an oklob plant
 12005 | D:11     | Reached skill level 10 in Long Blades
 12462 | D:11     | Noticed a deep elf mage
 12469 | D:11     | Killed a deep elf mage
 12534 | D:11     | Reached skill level 5 in Necromancy
 12716 | D:11     | Reached XP level 12. HP: 81/81 MP: 12/12
 12849 | D:11     | Found Ficley's Assorted Antiques.
 12851 | D:11     | Reached *** piety under Ashenzari
 12853 | D:11     | Noticed a two-headed ogre
 12864 | D:11     | Killed a two-headed ogre
 13064 | D:11     | Bought a scroll of identify for 66 gold pieces
 13064 | D:11     | Bought a pair of glowing boots for 247 gold pieces
 13075 | D:11     | Identified a +0 pair of boots of running (You bought it in
                  | a shop on level 11 of the Dungeon)
 13655 | D:12     | Noticed a centaur warrior
 13680 | D:12     | Killed a centaur warrior
 13694 | D:12     | Reached skill level 11 in Stealth
 13826 | D:12     | Acquired a manual of Fighting
 13992 | D:12     | Noticed Fannar
 14051 | D:12     | Killed from afar by Fannar

Illustrated notes

Levels and vault maps discovered:
D:1:      roderic_dead_forest, layout_loops_ring
D:2:      layout_loops_corners, lemuel_coloured_pillars_altar, uniq_robin,
          uniq_natasha
D:3:      layout_basic, lemuel_doored_altar, uniq_terence, uniq_purgy
D:4:      layout_basic, minmay_statues_item
D:5:      layout_loops_corners, grunt_qazlal_sundering,
          grunt_temple_overflow_open, serial_shops,
          nicolae_shop_overgrown_old_shop, kennysheep_small_spiral
D:6:      layout_basic, elyvilon_altar_4, uniq_maggie
D:7:      layout_loops_corners, minitemple, minmay_temple_entry_stoned_glass
D:8:      layout_basic, zin_angel, grunt_ministairs_12, uniq_harold
D:9:      layout_basic, erik_lair_orcish_takeover,
          minmay_fractal_squares_gapless_5, uniq_joseph
D:10:     layout_cave_pools, enter_bailey_2, serial_column_ruins,
          column_ruins_hut, column_ruins_square_huge,
          column_ruins_open_medium_water, column_ruins_open_small,
          column_ruins_open_medium, column_ruins_columns_straight, pond
D:11:     hangedman_what_comes_after_a, layout_basic, serial_shops,
          nicolae_shop_trees
D:12:     layout_loops_corners, erik_orc_2, minmay_fractal_squares_gapless_7,
          uniq_azrael, uniq_fannar
Temple:   minmay_freezing_vapour_temple

Skill      XL: |  1  2  3  4  5  6  7  8  9 10 11 12 |
---------------+-------------------------------------+-----
Fighting       | 2 3 |  3.4
Throwing       | 2 3 |  3.0
Dodging        | 4 5 6 7 8 10 | 10.3
Long Blades    | 4 5 6 7 9 10 | 10.8
Stealth        | 2 5 7 10 11 | 11.2
Armour         | 1 2 4 5 6 7 |  7.7
Evocations     | 4 6 |  6.4
Necromancy     | 5 6 |  6.2

Action                   |  1- 3 |  4- 6 |  7- 9 | 10-12 || total
-------------------------+-------+-------+-------+-------++-------
Melee: Long sword        |    72 |     3 |       |       ||    75
       Bite              |     7 |    20 |    57 |   239 ||   323
       Dagger            |       |   196 |   397 |  1165 ||  1758
Throw: Throwing net      |     1 |       |     2 |     2 ||     5
 Cast: Vampiric Draining |       |       |       |     1 ||     1
Invok: Curse Item        |       |       |     2 |     3 ||     5
Evoke: Wand              |       |       |     2 |    13 ||    15
  Use: Scroll            |       |     4 |    14 |     7 ||    25
       Potion            |       |       |     2 |     3 ||     5
 Stab: Sleeping          |       |       |    19 |    13 ||    32
       Distracted        |       |       |     1 |     3 ||     4
       Held in net/web   |       |       |       |     1 ||     1
       Paralysed         |       |       |       |     1 ||     1
Armor: Leather armour    |    11 |    20 |       |       ||    31
       Ring mail         |       |    32 |    72 |       ||   104
       Swamp dragon scal |       |       |    22 |   286 ||   308
Dodge: Dodged            |    56 |   112 |   238 |  1124 ||  1530
       Rpst.: Long sword |    22 |       |       |       ||    22

Table legend: (Time is in decaauts)
 A = Elapsed time spent in this place.
 B = Non-inter-level travel time spent in this place.
 C = Inter-level travel time spent in this place.
 D = Time resting spent in this place.
 E = Time spent auto-exploring this place.
 F = Levels seen in this place.
 G = Mean time per level.
                   A        B        C        D        E       F      G
               +--------+--------+--------+--------+--------+-----+--------+
         Total |  13541 |  13237 |    304 |   2915 |   6305 |  14 |  967.2 |
       Dungeon |  12815 |  12511 |    304 |   2407 |   6305 |  12 | 1067.9 |
        Temple |    219 |    219 |      0 |    200 |      0 |   1 |  219.0 |
        Bailey |    507 |    507 |      0 |    308 |      0 |   1 |  507.0 |
               +--------+--------+--------+--------+--------+-----+--------+

Top non-repeatable levels by time:
    D:11: 1794 daAuts
     D:9: 1427 daAuts
     D:2: 1402 daAuts
     D:7: 1147 daAuts
     D:4: 1082 daAuts
    D:10: 1043 daAuts
     D:5: 968 daAuts
     D:6: 921 daAuts
     D:3: 869 daAuts
     D:8: 820 daAuts
     D:1: 674 daAuts
    D:12: 663 daAuts
  Bailey: 507 daAuts
  Temple: 219 daAuts
